Map: Hard Lead LE

Players

TheFNG

  • Race: Protoss Protoss
  • Spawn Location: 11:00

SubN - Winner!

  • Race: Protoss Protoss
  • League: Diamond
  • Spawn Location: 5:00

VOD

Have the link to the VOD?

Description

Time

  • Played on: Dec. 31, 2023, 6:15 p.m.
  • Length: 11:40
Show
View Real Time Build Order
Export as new Build Order

TheFNG Protoss 

Build Orders:  

Get SALT Encoding   

  12  0:00  Probe (Chrono Boost)  
  13  0:10  Probe (Chrono Boost)  
  14  0:16  Probe  
  15  0:21  Pylon  
  15  0:31  Assimilator  
  15  0:39  Probe  
  16  0:42  Assimilator  
  16  0:51  Probe  
  16  0:53  Gateway  
  17  1:03  Probe  
  18  1:15  Probe  
  19  1:19  Pylon  
  19  1:21  Pylon  
  19  1:29  Gateway  
  19  1:32  Probe  
  20  1:43  Zealot  
  20  1:46  Probe  
  23  1:58  Probe  
  24  2:06  Forge  
  24  2:10  Probe (Chrono Boost)  
  24  2:12  Pylon  
  25  2:22  Probe (Chrono Boost), Zealot  
  28  2:28  Zealot  
  30  2:46  Cybernetics Core  
  30  2:53  Photon Cannon  
  30  2:55  Probe  
  31  3:07  Probe  
  32  3:23  Sentry x2  
  36  3:30  Protoss Shields Level 1 (Chrono Boost)  
  36  3:36  Gateway  
  36  3:46  Stalker x2  
  40  4:00  Pylon  
  40  4:04  Nexus  
  40  4:20  Gateway  
  40  4:35  Photon Cannon  
  40  4:37  Photon Cannon  
  40  4:47  Assimilator  
  40  4:53  Pylon  
  40  4:59  Photon Cannon  
  40  5:03  Assimilator  
  40  5:12  Pylon  
  40  5:13  Zealot x2  
  44  5:21  Zealot  
  46  5:23  Zealot  
  46  5:27  Probe (Chrono Boost)  
  49  5:33  Probe (Chrono Boost)  
  50  5:39  Probe (Chrono Boost)  
  52  5:43  Probe (Chrono Boost)  
  52  5:46  Probe (Chrono Boost)  
  52  5:48  Probe (Chrono Boost)  
  54  5:53  Probe  
  55  5:58  Stargate  
  55  6:05  Probe  
  56  6:17  Probe  
  57  6:22  Stalker x3  
  57  6:23  Sentry  
  65  6:29  Probe  
  66  6:38  Pylon, Stargate  
  66  6:39  Pylon  
  66  6:41  Probe  
  66  6:46  Sentry  
  69  6:53  Probe  
  70  6:59  Protoss Ground Armor Level 1 (Chrono Boost)  
  70  7:06  Probe  
  71  7:10  Zealot x2  
  71  7:11  Zealot  
  77  7:18  Probe  
  77  7:21  Twilight Council  
  78  7:30  Probe  
  83  7:37  Void Ray  
  83  7:44  Void Ray  
  87  7:58  Protoss Air Armor Level 1 (Chrono Boost)  
  87  8:05  Photon Cannon  
  87  8:13  Pylon  
  87  8:20  Charge  
  87  8:23  Fleet Beacon  
  91  8:37  Void Ray  
  91  8:38  Probe (Chrono Boost)  
  93  8:49  Probe (Chrono Boost)  
  93  8:53  Probe (Chrono Boost)  
  93  8:55  Protoss Shields Level 2  
  94  9:04  Probe  
  95  9:12  Flux Vanes  
  95  9:16  Probe  
  100  9:25  Void Ray  
  104  9:38  Void Ray  
  104  9:57  Pylon  
  104  9:58  Photon Cannon  
Show
View Real Time Build Order
Export as new Build Order

SubN Protoss - Winner!

Build Orders: Archon Immortal 

Get SALT Encoding   

  12  0:00  Probe  
  13  0:12  Probe  
  14  0:18  Pylon  
  14  0:24  Probe (Chrono Boost)  
  15  0:36  Probe (Chrono Boost)  
  15  0:39  Gateway  
  16  0:44  Probe (Chrono Boost)  
  17  0:51  Probe, Assimilator  
  18  1:03  Probe  
  19  1:05  Pylon  
  19  1:15  Probe (Chrono Boost)  
  21  1:27  Cybernetics Core, Probe (Chrono Boost)  
  21  1:32  Probe (Chrono Boost)  
  21  1:33  Gateway  
  22  1:41  Probe  
  22  1:43  Assimilator  
  23  1:53  Probe  
  24  2:00  Warp Gate (Chrono Boost)  
  24  2:09  Nexus  
  24  2:15  Probe  
  25  2:20  Pylon  
  25  2:23  Sentry  
  27  2:34  Probe  
  28  2:41  Stalker  
  30  2:46  Probe  
  31  2:58  Probe  
  31  3:05  Twilight Council  
  32  3:10  Probe  
  33  3:22  Probe  
  34  3:27  Robotics Facility  
  34  3:29  Gateway  
  34  3:31  Probe  
  35  3:34  Probe  
  35  3:37  Assimilator  
  36  3:44  Probe  
  36  3:47  Probe  
  38  3:49  Gateway  
  38  3:52  Gateway  
  38  3:57  Pylon  
  38  4:01  Probe (Chrono Boost), Assimilator  
  40  4:05  Pylon, Probe (Chrono Boost)  
  40  4:09  Charge  
  40  4:13  Probe (Chrono Boost)  
  42  4:17  Probe (Chrono Boost)  
  42  4:18  Probe (Chrono Boost)  
  42  4:24  Pylon  
  43  4:26  Pylon, Probe (Chrono Boost)  
  43  4:29  Observer  
  45  4:32  Probe (Chrono Boost)  
  47  4:38  Probe (Chrono Boost), Stalker  
  47  4:42  Probe (Chrono Boost)  
  47  4:44  Probe (Chrono Boost)  
  51  4:47  Probe (Chrono Boost)  
  51  4:50  Templar Archives  
  51  4:52  Probe  
  52  4:58  Probe  
  58  5:00  Immortal  
  58  5:04  Probe  
  59  5:10  Probe  
  60  5:15  Nexus  
  60  5:20  Pylon  
  60  5:28  High Templar x2  
  64  5:33  High Templar x2  
  64  5:35  Archon  
  68  5:44  Archon  
  68  5:48  Psionic Storm  
  68  5:52  Zealot  
  70  6:02  Immortal  
  74  6:10  Zealot x4  
  82  6:13  Probe x2  
  84  6:18  Forge  
  84  6:19  Forge  
  84  6:22  Pylon  
  84  6:25  Probe x2  
  86  6:32  Probe  
  87  6:37  Probe x2  
  89  6:40  High Templar x3  
  89  6:44  Probe  
  89  6:45  Zealot x2  
  100  6:50  Archon  
  100  6:54  Probe x2  
  102  6:56  Probe  
  102  7:00  Assimilator  
  103  7:02  Assimilator  
  103  7:04  Protoss Ground Armor Level 1 (Chrono Boost), Protoss Ground Weapons Level 1 (Chrono Boost)  
  103  7:05  Pylon  
  103  7:06  Pylon, Probe x2  
  103  7:08  Pylon, Probe  
  106  7:18  Probe x2  
  106  7:21  Probe  
  109  7:35  Probe  
  109  7:36  Probe x2  
  112  7:37  Pylon  
  112  7:47  Probe  
  112  7:48  Probe x2  
  115  7:57  Nexus  
  115  7:59  Pylon  
  115  8:02  Pylon  
  115  8:04  Pylon  
  115  8:09  Pylon  
  115  8:11  Pylon  
  115  8:14  Robotics Facility  
  115  8:19  Probe x3  
  118  8:21  Gateway  
  118  8:22  Gateway  
  118  8:23  High Templar x5  
  128  8:27  Gateway  
  128  8:28  Archon  
  128  8:29  Archon  
  128  8:30  Gateway  
  128  8:31  Gateway  
  128  8:32  Pylon, Archon  
  128  8:35  Pylon  
  128  8:39  Pylon  
  128  8:40  Pylon  
  128  8:41  Pylon  
  128  8:45  Immortal  
  132  9:00  Gateway  
  132  9:01  Photon Cannon  
  132  9:02  Gateway  
  132  9:03  Photon Cannon  
  132  9:04  Gateway  
  132  9:05  Photon Cannon  
  132  9:08  Probe x3  
  135  9:13  Stalker x2  
  135  9:14  Immortal, Stalker x3  
  135  9:16  Immortal  
  145  9:20  Probe  
  154  9:28  Protoss Ground Weapons Level 2 (Chrono Boost)  
  154  9:40  High Templar x2  
  154  9:45  Probe x4  
  162  9:52  Immortal, Archon  
  162  9:53  Immortal  
  170  10:00  Zealot x3  
  170  10:01  Zealot x6  
  170  10:02  Zealot x2  
  188  10:18  Zealot x2  
  185  10:24  Zealot x5  
  185  10:25  Zealot x4  
Tags
 
Composition
Archon Immortal
League
Diamond
Matchup
PvP
Replay Pack
2025 replay dump
Spawn Locations
Cross Positions
Add a new tag
Caveats
  • Supply blocks, unpowered buildings, or Contaminate may cause inaccurate times.
  • Supply counts are checked every 10 seconds.